 Dungeon Crawl Stone Soup version 0.19.4 (webtiles) character file.

8718 soukkis the Slicer (level 11, -3/121 HPs)
             Began as a Demonspawn Berserker on Feb 3, 2017.
             Was a High Priest of Trog.
             Slain by Snorg (15 damage)
             ... on level 2 of the Orcish Mines.
             The game lasted 00:30:02 (8058 turns).

soukkis the Slicer (Demonspawn Berserker)           Turns: 8058, Time: 00:30:02

Health: -3/121     AC: 18    Str: 29    XL:     11   Next: 13%
Magic:  11/11      EV: 11    Int:  8    God:    Trog [*****.]
Gold:   836        SH: 12    Dex: 13    Spells: 0 memorised, 10 levels left

rFire  . . .     SeeInvis .     w - +10 rapier of Tenacity {freeze, Str+3}
rCold  + . .     Gourm    .     S - +0 plate armour
rNeg   . . .     Faith    +     h - +0 shield
rPois  .         Spirit   .     k - +0 helmet
rElec  .         Reflect  .     y - +0 cloak
rCorr  .         Harm     .     G - +1 pair of gloves
MR     +....                    r - +0 pair of boots
Stlth  ..........               u - amulet of faith
                                (no ring)
                                H - ring of protection from magic

@: berserking, very quick
A: claws 1, repulsion field 2, cold resistance 1, spiny 1
a: Berserk, Trog's Hand, Brothers in Arms, Burn Spellbooks, Renounce Religion


You were on level 2 of the Orcish Mines.
You worshipped Trog.
Trog was extremely pleased with you.
You were not hungry.

You visited 2 branches of the dungeon, and saw 11 of its levels.
You also visited: Bailey.

You collected 836 gold pieces.

Inventory:

Hand Weapons
 w - the +10 rapier of Tenacity (weapon) {freeze, Str+3}
   (You found it on level 4 of the Dungeon)

   It has been specially enchanted to freeze those struck by it, causing extra
   injury to most foes and up to half again as much damage against particularly
   susceptible opponents.
   It can also slow down cold-blooded creatures.
   It affects your strength (+3).
 N - the +2 mace of the Vaults {crush, +Inv Stlth+}
   (You found it on level 8 of the Dungeon)

   It inflicts extra damage upon your enemies.
   It lets you turn invisible.
   It makes you more stealthy.
 R - a +9 quick blade
Missiles
 F - 18 tomahawks (quivered)
Armour
 h - a +0 shield (worn)
 k - a +0 helmet (worn)
 r - a +0 pair of boots (worn)
 y - a +0 cloak (worn)
 G - a +1 pair of gloves (worn)
 S - a +0 plate armour (worn)
Jewellery
 u - an amulet of faith (around neck)
 v - an uncursed ring of ice
 H - a ring of protection from magic (left hand)
Scrolls
 a - a scroll of teleportation
 b - a scroll of holy word {unknown}
 d - 7 scrolls of remove curse
 e - 3 scrolls of blinking
 f - 6 scrolls of magic mapping
 i - 2 scrolls of recharging
 j - 2 scrolls of enchant armour {unknown}
 n - a scroll of fear {unknown}
 q - a scroll of enchant weapon {unknown}
 s - 3 scrolls of amnesia {unknown}
 Q - a scroll of identify
Potions
 c - 2 potions of berserk rage
 m - 2 potions of flight
 o - 5 potions of curing
 t - a potion of cure mutation
 x - a potion of might {unknown}
 A - a potion of brilliance {unknown}
 C - a potion of haste {unknown}
 D - a potion of ambrosia {unknown}
 K - a potion of agility {unknown}
 L - a potion of lignification {unknown}
 P - a potion of heal wounds
Comestibles
 l - a fruit
 I - 7 slices of pizza
 J - 2 bread rations


   Skills:
 + Level 6.1 Fighting
 * Level 10.9 Short Blades
 + Level 3.9 Maces & Flails
 + Level 6.0 Armour
 + Level 4.3 Dodging
 + Level 0.2 Stealth
 + Level 7.0 Shields


You had 10 spell levels left.
You didn't know any spells.

Dungeon Overview and Level Annotations

Branches:
Dungeon (9/15)             Temple (0/1) D:7             Orc (2/2) D:9
    Elf (0/3) Orc:2
   Lair: D:8-11

Altars:
Cheibriados
Elyvilon
Fedhas
Hepliaklqana
Ru

Shops:
D:4 *

Annotations:
Orc:2 Snorg


Innate Abilities, Weirdness & Mutations

You have sharp fingernails.
You are surrounded by a moderate repulsion field. (EV +3)
Your flesh is cold resistant. (rC+)
You are partially covered in sharp spines.


Message History

The orc dies!
Trog accepts your kill. Snorg is struck by your spines.
Snorg bites you but does no damage. Snorg barely misses you. Snorg claws you!
* * * LOW HITPOINT WARNING * * *
You puncture Snorg! You freeze Snorg.
Snorg is heavily wounded.
You block the warg's attack.
Your deep troll bites the orc priest!
Your deep troll claws the orc priest!!
The orc priest dies!
Trog accepts your kill.
You puncture Snorg! You freeze Snorg.
Snorg is severely wounded.
You block Snorg's attack. Snorg closely misses you. Snorg claws you!
* * * LOW HITPOINT WARNING * * *
The orc closely misses you.
You impale Snorg!! You freeze Snorg.
Snorg is almost dead.
The warg bites you but does no damage. Snorg bites you!
You die...

............#..#...
..#......o.........
...................
..#........$......#
......<.o..............#
..............$......>..#
..........T)............#
..........T@............#
..........ho...<..$.#...#
P..................#...##
..................)....$#
P..............))).....#
.................).....#
P.....................##
.P....#..............##
.....................#


You could see Snorg (berserk), a warg, 2 orc warriors, an orc and a friendly
deep troll (berserk).

Vanquished Creatures
  A hill giant (D:9)
  Pikel (D:5)
  2 orc knights (Bailey)
  Grinder (D:5)
  2 hippogriffs
  2 hogs (D:7)
  A human (D:7)
  2 yaks (D:7)
  Duvessa (D:6)
  11 orc warriors
  2 sky beasts
  3 ice beasts
  5 ogres
  A phantom (D:8)
  A necrophage (D:7)
  A big kobold (D:9)
  4 bullfrogs
  A water moccasin zombie (D:7)
  Dowan (D:6)
  3 scorpions
  5 killer bees (D:7)
  4 howler monkeys
  An electric eel (D:6)
  2 crimson imps
  A quasit (D:7)
  4 hounds
  3 bullfrog skeletons
  2 centaur skeletons
  6 orc priests
  A gnoll shaman (D:8)
  14 orc wizards
  13 worker ants
  11 adders
  17 gnolls
  A shadow imp (D:3)
  2 oozes (D:2)
  An adder zombie (D:6)
  2 worms
  3 dart slugs
  3 leopard geckos
  46 orcs
  4 ball pythons
  5 giant cockroaches
  23 goblins
  8 hobgoblins
  9 jackals
  5 quokkas
  5 bats
  4 frilled lizards
  A jackal skeleton (D:4)
  11 kobolds
  A leopard gecko skeleton (D:4)
  5 rats
  A fungus (D:1)
270 creatures vanquished.

Vanquished Creatures (collateral kills)
  An orc warlord (Orc:1)
  3 orc warriors
  2 orc priests
  4 orc wizards
  6 orcs
  A goblin (Bailey)
  3 hobgoblins (Bailey)
20 creatures vanquished.

Vanquished Creatures (others)
  A slave (D:5)
  An orc wizard (D:5)
  3 orcs (D:5)
5 creatures vanquished.

Grand Total: 295 creatures vanquished

Notes
Turn   | Place    | Note
-------+----------+-------------------------------------------
     0 | D:1      | soukkis the Demonspawn Berserker began the quest for the Orb.
     0 | D:1      | Reached XP level 1. HP: 18/18 MP: 1/1
   447 | D:1      | Gained mutation: You are surrounded by a mild repulsion field. (EV +2) [demonic ancestry]
   447 | D:1      | Reached XP level 2. HP: 24/24 MP: 2/2
  1406 | D:2      | Reached ** piety under Trog
  1412 | D:2      | Reached XP level 3. HP: 27/29 MP: 3/3
  1658 | D:2      | Reached skill level 1 in Shields
  1707 | D:2      | Gained mutation: You have sharp fingernails. [demonic ancestry]
  1707 | D:2      | Reached XP level 4. HP: 28/35 MP: 4/4
  2429 | D:3      | Gained mutation: You are partially covered in sharp spines. [demonic ancestry]
  2429 | D:3      | Reached XP level 5. HP: 33/41 MP: 5/5
  2594 | D:3      | Reached *** piety under Trog
  3006 | D:4      | Got a fine rapier
  3009 | D:4      | Identified the +10 rapier of Tenacity {freeze, Str+3} (You found it on level 4 of the Dungeon)
  3053 | D:4      | Gained mutation: Your flesh is cold resistant. (rC+) [demonic ancestry]
  3053 | D:4      | Reached XP level 6. HP: 48/48 MP: 6/6
  3107 | D:4      | Reached skill level 1 in Short Blades
  3156 | D:4      | Found Jahaozuh's General Store.
  3497 | D:5      | Entered Level 5 of the Dungeon
  3498 | D:5      | Noticed a slave
  3500 | D:5      | Noticed a slave
  3500 | D:5      | Reached **** piety under Trog
  3501 | D:5      | Noticed a slave
  3502 | D:5      | Noticed a slave
  3517 | D:5      | Noticed Grinder
  3519 | D:5      | Noticed Pikel
  3524 | D:5      | Killed Grinder
  3524 | D:5      | Reached skill level 3 in Short Blades
  3524 | D:5      | Reached XP level 7. HP: 50/54 MP: 7/7
  3526 | D:5      | Killed Pikel
  3526 | D:5      | Reached skill level 4 in Short Blades
  3526 | D:5      | Gained mutation: You are surrounded by a moderate repulsion field. (EV +3) [demonic ancestry]
  3526 | D:5      | Reached XP level 8. HP: 47/60 MP: 8/8
  3757 | D:5      | Reached skill level 5 in Short Blades
  4011 | D:6      | Noticed Duvessa
  4011 | D:6      | Noticed Dowan
  4015 | D:6      | Reached skill level 6 in Short Blades
  4019 | D:6      | Killed Duvessa
  4022 | D:6      | Killed Dowan
  4173 | D:6      | Reached ***** piety under Trog
  4280 | D:6      | Reached XP level 9. HP: 52/66 MP: 9/9
  4391 | D:6      | Reached skill level 7 in Short Blades
  4747 | D:7      | Found a staircase to the Ecumenical Temple.
  4868 | D:7      | Reached skill level 8 in Short Blades
  5008 | D:7      | Reached skill level 5 in Fighting
  5008 | D:7      | Reached skill level 5 in Armour
  5008 | D:7      | Reached skill level 5 in Shields
  5349 | D:8      | Reached skill level 9 in Short Blades
  5362 | D:8      | Got a bloodstained mace
  5367 | D:8      | Identified the +2 mace of the Vaults {crush, +Inv Stlth+} (You found it on level 8 of the Dungeon)
  5381 | D:8      | Reached XP level 10. HP: 71/74 MP: 10/10
  5392 | D:8      | Found a hazy altar of Hepliaklqana.
  5394 | D:8      | Found a sacrificial altar of Ru.
  5394 | D:8      | Found a white marble altar of Elyvilon.
  5397 | D:8      | Found a blossoming altar of Fedhas.
  5423 | D:8      | Found a snail-covered altar of Cheibriados.
  5473 | D:8      | Received a gift from Trog
  5556 | D:8      | Found a flagged portal.
  5564 | Bailey   | Entered a bailey
  5719 | Bailey   | Noticed an orc knight
  5720 | Bailey   | Noticed an orc knight
  5734 | Bailey   | Killed an orc knight
  5738 | Bailey   | Killed an orc knight
  5750 | Bailey   | Reached skill level 10 in Short Blades
  6012 | Bailey   | Noticed an orc warlord
  6324 | D:8      | Received a gift from Trog
  6500 | D:9      | Found a staircase to the Orcish Mines.
  6734 | D:9      | Noticed a hill giant
  6743 | D:9      | Killed a hill giant
  7412 | Orc:1    | Entered Level 1 of the Orcish Mines
  7475 | Orc:1    | Noticed an orc warlord
  7485 | Orc:1    | Killed an orc warlord
  7485 | Orc:1    | Reached XP level 11. HP: 71/81 MP: 11/11
  7717 | Orc:2    | Entered Level 2 of the Orcish Mines
  7731 | Orc:2    | Found a staircase to the Elven Halls.
  8041 | Orc:2    | Noticed Snorg
  8053 | Orc:2    | Received a gift from Trog
  8058 | Orc:2    | Slain by Snorg

Skill      XL: |  1  2  3  4  5  6  7  8  9 10 11 |
---------------+----------------------------------+-----
Armour         | 2 3 4 5 6 |  6.0
Dodging        | 2 3 4 |  4.3
Maces & Flails | 3 |  3.9
Shields        | 1 2 3 4 5 6 7 |  7.0
Short Blades   | 3 4 6 9 10 | 10.9
Fighting       | 4 5 6 |  6.1
Stealth        | |  0.2

Action                   |  1- 3 |  4- 6 |  7- 9 | 10-12 || total
-------------------------+-------+-------+-------+-------++-------
Melee: Mace              |   122 |   128 |       |       ||   250
       Rapier            |       |    43 |   167 |   250 ||   460
Invok: Berserk           |     1 |     3 |       |     2 ||     6
       Burn Spellbooks   |       |     1 |       |       ||     1
       Trog's Hand       |       |       |     1 |       ||     1
       Brothers in Arms  |       |       |       |     4 ||     4
  Use: Scroll            |     5 |     3 |     6 |     2 ||    16
       Potion            |     1 |     1 |       |       ||     2
  Eat: Bread ration      |     1 |     1 |     1 |       ||     3
       Fruit             |       |     1 |       |     1 ||     2
       Royal jelly       |       |     1 |       |       ||     1
       Beef jerky        |       |       |     2 |     1 ||     3
       Meat ration       |       |       |       |     2 ||     2
Armor: Ring mail         |    64 |    60 |       |       ||   124
       Chain mail        |       |    13 |    46 |    41 ||   100
       Plate armour      |       |       |       |    28 ||    28
Dodge: Dodged            |    81 |   105 |    54 |    94 ||   334
Block: Shield            |    70 |   107 |    80 |   150 ||   407
